 Dungeon Crawl Stone Soup version 0.29.1-1-gd02db6906a (webtiles) character file.

Game seed: 3863242925455263994

2209 hawla the Arsonist (level 9, 0/46 HPs)
             Began as a Deep Elf Fire Elementalist on Oct 2, 2022.
             Killed from afar by a steam dragon (21 damage)
             ... with a ball of steam
             ... on level 6 of the Dungeon.
             The game lasted 00:19:13 (7156 turns).

hawla the Arsonist (Deep Elf Fire Elementalist)     Turns: 7156, Time: 00:19:13

Health: 0/46       AC:  9    Str:  5    XL:     9   Next: 13%
Magic:  18/18      EV: 17    Int: 25    God:
Gold:   328        SH:  0    Dex: 15    Spells: 4/18 levels left

rFire   . . .      SeeInvis .   v - +1 dagger (venom)
rCold   . . .      Faith    .   (no shield)
rNeg    . . .      Spirit   .   a - +0 robe
rPois   .          Reflect  .   (no helmet)
rElec   .          Harm     .   i - +2 cloak
rCorr   .          Rampage  .   d - +2 pair of gloves
Will    .....                   f - +0 pair of boots
Stlth   ++........              (no amulet)
HPRegen 0.15/turn               m - +4 ring of evasion
MPRegen 0.16/turn               (no ring)

@: no status effects
A: no striking features
a: no special abilities


You were on level 6 of the Dungeon.
You visited 1 branch of the dungeon, and saw 6 of its levels.
You also visited: Sewer.

You collected 328 gold pieces.

Inventory:

Hand Weapons
 h - a +1 dagger of electrocution
 v - a +1 dagger of venom (weapon)
 x - a +4 falchion of distortion
Armour
 a - a +0 robe (worn)
 d - a +2 pair of gloves (worn)
 f - a +0 pair of boots (worn)
 i - a +2 cloak (worn)
 n - a +0 troll leather armour {Pargi}
 w - a +2 leather armour of poison resistance
Magical Staves
 q - a staff of conjuration
Jewellery
 m - a +4 ring of evasion (left hand)
Scrolls
 c - a scroll of poison
 g - a scroll of summoning
 j - a scroll of magic mapping
 t - 2 scrolls of vulnerability {unknown}
 y - a scroll of identify
 z - a scroll of noise {unknown}
Potions
 b - a potion of magic
 e - a potion of haste
 k - a potion of degeneration
 l - a potion of ambrosia
 o - 2 potions of flight
 p - a potion of cancellation {unknown}
 r - a potion of resistance {unknown}
 s - 3 potions of curing {unknown}
 u - a potion of lignification {unknown}


   Skills:
 - Level 0.4 Fighting
 - Level 1.0 Short Blades
 - Level 3.0 Dodging
 - Level 2.8 Stealth
 - Level 5.0 Spellcasting
 - Level 4.7 Conjurations
 - Level 9.0 Fire Magic
 * Level 7.7 Ice Magic
 - Level 1.0 Evocations


You had 4 spell levels left.
You knew the following spells:

 Your Spells              Type           Power      Damage    Failure   Level
a - Foxfire               Conj/Fire      100%       2x1d9     1%          1
b - Scorch                Fire           100%       2d10      1%          2
c - Flame Wave            Conj/Fire      40%        2d11      4%          4
d - Ozocubu's Refrigerat  Ice            22%        4d12      96%         7

Your spell library contained the following spells:

 Spells                   Type           Power      Damage    Failure   Level
 Conjure Flame            Conj/Fire      40%        6-21      1%          3
 Ozocubu's Armour         Ice            45%        N/A       1%          3
 Inner Flame              Hex/Fire       28%        N/A       3%          3


Dungeon Overview and Level Annotations

Branches:
Dungeon (6/15)             Temple (0/1) D:5           Sewer (visited)

Altars:
Nemelex Xobeh
Qazlal
Yredelemnul

Shops:
D:5 :

Annotations:
D:3 2 transporters, bchevrier's ghost, amateur GnWn


Message History

You kill the orc!
A wave of flame ripples out!
The flame wave engulfs the orc!
You kill the orc!
The flame wave engulfs the orc!
You kill the orc!
You finish channelling waves of flame.
You hear an angry hiss.
Unknown command.
There is an open door here.
You close the door.
A steam dragon is nearby!
There is a sparkling altar of Nemelex Xobeh here.
A steam dragon is nearby!
The adder hisses angrily.
A steam dragon is nearby!
You see here a +0 chain mail.
You open the door. The steam dragon breathes steam at you.
The ball of steam misses you.
You see here a +0 chain mail.
You closely miss the steam dragon. The steam dragon bites you.
The steam dragon completely misses you.
You hit the steam dragon but do no damage.
The steam dragon is poisoned.
The steam dragon breathes steam at you. The ball of steam hits you!
The steam dragon misses you. The steam dragon claws you.
The adder bites you but does no damage.
You hit the steam dragon but do no damage.
The steam dragon bites you but does no damage.
The steam dragon completely misses you. The adder bites you but does no damage.
You hit the steam dragon but do no damage.
The adder bites you but does no damage. The steam dragon bites you!
The steam dragon closely misses you.
You closely miss the steam dragon.
The steam dragon is lightly wounded.
The adder misses you. The steam dragon breathes steam at you.
The ball of steam hits you!!
You die...

...# #.#......... ...#
##.#......... ...##
#..#.#)....... ....# .
#............# ....# ...
#.#######..... ....#
....#.#.....#....) ###.#
....#.#.....#.... ....#
......#.._.§#.## ....#
..#...#.@...#.# .[..#
#...#.DS†.#.# ....# .
#...###'###.# ....##...
#.....).))).#
.............#...#†####
.....#########.......#
.................#.#...
...#.###.........#.#.....
...#.# #.........#.# ....


You could see a steam dragon (very poisoned, catching breath) and an adder.

Vanquished Creatures
  Pikel (D:4)
  Eustachio (D:6)
  Pargi (Sewer)
  2 sky beasts (D:6)
  An ogre (D:6)
  2 black bears
  An ice beast (D:6)
  A phantom (D:5)
  A bullfrog (D:6)
  2 lemures (D:4)
  An oklob sapling (D:5)
  A howler monkey (D:5)
  3 jellies
  2 orc priests (D:5)
  3 hounds (D:4)
  6 iguanas
  4 orc wizards
  3 gnolls (D:4)
  7 adders
  A river rat (D:3)
  2 adder zombies (D:3)
  5 worms
  2 dart slugs (D:4)
  19 orcs
  14 bats
  7 endoplasms
  2 giant cockroaches
  6 goblins
  5 hobgoblins
  3 jackals (D:4)
  3 quokkas
  9 ball pythons
  4 frilled lizards
  10 kobolds
  5 rats
140 creatures vanquished.

Vanquished Creatures (others)
  164 foxfires
  16 plants (D:5)
180 creatures vanquished.

Grand Total: 320 creatures vanquished

Notes
Turn   | Place    | Note
-------+----------+-------------------------------------------
     0 | D:1      | hawla the Deep Elf Fire Elementalist began the quest for
                  | the Orb.
     0 | D:1      | Reached XP level 1. HP: 10/10 MP: 6/6
   549 | D:1      | Reached XP level 2. HP: 15/15 MP: 5/8
   552 | D:1      | Learned a level 2 spell: Scorch
  1163 | D:2      | Reached skill level 4 in Fire Magic
  1223 | D:2      | Reached XP level 3. HP: 15/19 MP: 2/10
  2143 | D:3      | Reached XP level 4. HP: 24/24 MP: 1/12
  2155 | D:3      | Learned a level 4 spell: Flame Wave
  2155 | D:3      | Found a glowing drain.
  2187 | Sewer    | Entered a sewer
  2249 | Sewer    | Noticed Pargi
  2260 | Sewer    | Killed Pargi
  2261 | Sewer    | Reached skill level 5 in Fire Magic
  2261 | Sewer    | Reached XP level 5. HP: 28/28 MP: 5/13
  2512 | D:3      | Noticed bchevrier's ghost (amateur GnWn)
  2516 | D:3      | Found a transporter.
  2582 | D:3      | Found a transporter.
  2725 | D:3      | Found a faded altar of an unknown god.
  2880 | D:3      | Found a stormy altar of Qazlal.
  3043 | D:3      | Found a basalt altar of Yredelemnul.
  3243 | D:4      | Reached skill level 6 in Fire Magic
  3426 | D:4      | Noticed a black bear
  3434 | D:4      | Killed a black bear
  3435 | D:4      | Reached XP level 6. HP: 9/32 MP: 1/14
  3746 | D:4      | Noticed Pikel
  3755 | D:4      | Killed Pikel
  3756 | D:4      | Reached skill level 8 in Fire Magic
  3756 | D:4      | Reached XP level 7. HP: 18/36 MP: 0/15
  4984 | D:5      | Entered Level 5 of the Dungeon
  4996 | D:5      | Reached skill level 1 in Evocations
  4996 | D:5      | Reached XP level 8. HP: 31/41 MP: 6/16
  5194 | D:5      | Reached skill level 1 in Short Blades
  5194 | D:5      | Reached skill level 5 in Spellcasting
  5194 | D:5      | Reached skill level 9 in Fire Magic
  5223 | D:5      | Learned a level 7 spell: Ozocubu's Refrigeration
  5255 | D:5      | Reached skill level 1 in Ice Magic
  5478 | D:5      | Found a staircase to the Ecumenical Temple.
  5823 | D:5      | Found Guff's Book Shoppe.
  6323 | D:6      | Reached skill level 5 in Ice Magic
  6430 | D:6      | Noticed Eustachio
  6440 | D:6      | Killed Eustachio
  6964 | D:6      | Reached XP level 9. HP: 46/46 MP: 11/18
  7012 | D:6      | Found a sparkling altar of Nemelex Xobeh.
  7156 | D:6      | Killed from afar by a steam dragon

Illustrated notes

Levels and vault maps discovered:
D:1:      sevenhm_arrival_forest_fort_small_3, layout_basic, interstate_on_off,
          patterned_corridor
D:2:      layout_loops_ring
D:3:      layout_loops_ring, lemuel_zombie_altar_yredelemnul,
          nicolae_qazlal_scattered_showers, gup_sewer_entry_bowl,
          gammafunk_ghost_arena, ebering_ecumenical_altar_rust,
          small_statue_intersection
D:4:      layout_loops_cross, serial_rivers, chequers_serial_rivers_micro_c,
          chequers_serial_rivers_room_b, chequers_serial_rivers_micro_c,
          chequers_serial_rivers_small_b, chequers_serial_rivers_micro_a,
          chequers_serial_rivers_micro_b, minmay_door_square, uniq_pikel
D:5:      layout_basic, minmay_temple_entry_oklob, serial_shops,
          nicolae_shop_temple_entry_statues_fountains
D:6:      layout_basic, amcnicky_altar_gilded, minmay_misc_feat_alley,
          uniq_eustachio

Skill      XL: |  1  2  3  4  5  6  7  8  9 |
---------------+----------------------------+-----
Fire Magic     | 4 5 6 8 9 |  9.0
Spellcasting   | 4 5 |  5.0
Conjurations   | 2 3 4 |  4.7
Evocations     | 1 |  1.0
Short Blades   | 1 |  1.0
Dodging        | 3 |  3.0
Ice Magic      | 6 7 |  7.7
Fighting       | |  0.4
Stealth        | |  2.8

Action                   |  1- 3 |  4- 6 |  7- 9 || total
-------------------------+-------+-------+-------++-------
Melee: Dagger            |    32 |     7 |   110 ||   149
 Cast: Foxfire           |    28 |    34 |    34 ||    96
       Scorch            |    14 |    16 |    22 ||    52
       Flame Wave        |       |     3 |    14 ||    17
  Use: Scroll            |     6 |     5 |     3 ||    14
 Stab: Sleeping          |     3 |       |     1 ||     4
Armor: Robe              |    23 |     7 |    24 ||    54
Dodge: Dodged            |    29 |    29 |   102 ||   160
